 Dungeon Crawl Stone Soup version 0.27-a0-1193-g8631133539 (webtiles) character file.

Game seed: 6899124745980083394

3142 flotson the Covert (level 9, -4/74 HPs)
             Began as a Gnoll Delver on May 25, 2021.
             Was a Follower of Okawaru.
             Succumbed to a gnoll sergeant's poison
             ... on level 6 of the Dungeon.
             The game lasted 00:20:31 (10827 turns).

flotson the Covert (Gnoll Delver)                  Turns: 10827, Time: 00:20:34

Health: -4/74      AC: 12    Str: 14    XL:     9   Next: 93%
Magic:  16/16      EV: 14    Int: 10    God:    Okawaru [*.....]
Gold:   242        SH:  6    Dex: 20    Spells: 17/17 levels left

rFire    . . .     SeeInvis .   b - +1 hunting sling (vorpal)
rCold    . . .     Faith    .   n - +0 buckler {AC+3}
rNeg     + . .     Spirit   .   K - +0 ring mail
rPois    .         Reflect  .   u - +1 helmet
rElec    .         Harm     .   (no cloak)
rCorr    .         Rampage  .   (no gloves)
Will     .....                  i - +0 pair of boots
Stlth    ++++......             (no amulet)
HPRegen  0.22/turn              m - +6 ring of dexterity
MPRegen  0.15/turn              s - ring of positive energy

@: lethally poisoned (-4 -> -36)
A: fangs 1, strong nose, distributed training
a: Renounce Religion, Heroism


You were on level 6 of the Dungeon.
You worshipped Okawaru.
Okawaru was aware of your devotion.
You visited 2 branches of the dungeon, and saw 8 of its levels.
You also visited: Sewer.

You collected 440 gold pieces.
You spent 198 gold pieces at shops.

Inventory:

Hand Weapons
 a - a +4 dagger of freezing
 b - a +1 vorpal hunting sling (weapon)
 y - a +0 trident
 F - the +0 morningstar of the Pillar {pain, rF+ Str+2 Dex-3}
   (You bought it in a shop on level 6 of the Dungeon)

   In the hands of one skilled in necromantic magic, it inflicts extra damage on
   living creatures.
   It affects your strength (+2).
   It affects your dexterity (-3).
   It protects you from fire.
Missiles
 o - 33 poisoned darts
 p - 179 stones (quivered ammo)
 t - 2 atropa-tipped darts
 C - 2 throwing nets
Armour
 i - a +0 pair of boots (worn)
 n - a +0 buckler of protection (worn)
 u - a +1 helmet (worn)
 K - a +0 ring mail (worn)
Jewellery
 m - a +6 ring of dexterity (left hand)
 s - a ring of positive energy (right hand)
 B - a ring of protection from cold
 J - a ring of see invisible
Wands
 g - a wand of digging (3)
Scrolls
 c - 2 scrolls of fog
 d - 2 scrolls of magic mapping
 f - 5 scrolls of teleportation {unknown}
 h - 3 scrolls of blinking {unknown}
 j - 2 scrolls of fear
 q - 3 scrolls of enchant armour {unknown}
 r - 3 scrolls of identify {unknown}
 w - a scroll of acquirement {unknown}
 x - 2 scrolls of amnesia {unknown}
 A - 2 scrolls of noise {unknown}
 G - a scroll of vulnerability {unknown}
Potions
 e - 6 potions of heal wounds
 k - 3 potions of magic {unknown}
 l - 2 potions of curing {unknown}
 v - 4 potions of might
 z - 2 potions of brilliance {unknown}
 E - 2 potions of lignification {unknown}
 H - a potion of degeneration {unknown}
 I - 3 potions of mutation {unknown}


   Skills:
 + Level 8.1 Fighting
 + Level 4.7 Short Blades
 + Level 4.7 Long Blades
 + Level 4.7 Axes
 + Level 4.7 Maces & Flails
 + Level 6.6 Polearms
 + Level 4.7 Staves
 + Level 4.7 Slings
 + Level 4.7 Bows
 + Level 4.7 Crossbows
 + Level 4.7 Throwing
 + Level 4.7 Armour
 + Level 6.6 Dodging
 + Level 10.6 Stealth
 + Level 4.7 Shields
 + Level 4.7 Unarmed Combat
 + Level 4.7 Spellcasting
 + Level 3.9 Conjurations
 + Level 3.9 Hexes
 + Level 3.9 Summonings
 + Level 3.9 Necromancy
 + Level 3.9 Translocations
 + Level 3.9 Transmutations
 + Level 3.9 Fire Magic
 + Level 3.9 Ice Magic
 + Level 3.9 Air Magic
 + Level 3.9 Earth Magic
 + Level 3.9 Poison Magic
 + Level 5.2 Invocations
 + Level 4.7 Evocations


You had 17 spell levels left.
You didn't know any spells.
Your spell library was empty.

Dungeon Overview and Level Annotations

Branches:
Dungeon (7/15)             Temple (1/1) D:5           Sewer (visited)

Altars:
Ashenzari
Cheibriados
Dithmenos
Elyvilon
Fedhas
Gozag
Hepliaklqana
Kikubaaqudgha
Makhleb
Okawaru
Qazlal
Ru
Sif Muna
Trog
Uskayaw
Vehumet
Wu Jian
Xom
Yredelemnul
The Shining One

Shops:
D:6 (


Innate Abilities, Weirdness & Mutations

You have very sharp teeth.
Your uncanny sense of smell can sniff out nearby items.
Your experience applies equally to all skills.


Message History

There is a stone staircase leading down here.
You see here 22 bolts.
Things that are here:
a +0 leather armour; a +0 hand axe
There is a stone staircase leading up, spattered with blood here.
Fire: 183 stones
Press: ? - help, Q - select action, (/) - cycle Shift-Dir - straight line, f/p - gnoll sergeant
Aim: a gnoll sergeant, wielding a +0 spear of venom, wearing a +0 ring mail and wearing a +0 buckler (heavily wounded, 75% to hit)
You shoot a stone.
The stone hits the gnoll sergeant but does no damage.
The gnoll sergeant is heavily wounded.
Fire: 182 stones
Press: ? - help, Q - select action, (/) - cycle Shift-Dir - straight line, f/p - gnoll sergeant
Aim: a gnoll sergeant, wielding a +0 spear of venom, wearing a +0 ring mail and wearing a +0 buckler (heavily wounded, 75% to hit)
You shoot a stone.
The stone closely misses the gnoll sergeant.
The stone hits the gnoll.
The gnoll is moderately wounded.
Fire: 181 stones
Press: ? - help, Q - select action, (/) - cycle Shift-Dir - straight line, f/p - gnoll sergeant
Aim: a gnoll sergeant, wielding a +0 spear of venom, wearing a +0 ring mail and wearing a +0 buckler (heavily wounded, 75% to hit)
You shoot a stone. The stone hits the gnoll sergeant.
The gnoll sergeant is heavily wounded.
The gnoll sergeant hits you from afar with a +0 spear of venom!
You are poisoned.
Fire: 180 stones
Press: ? - help, Q - select action, (/) - cycle Shift-Dir - straight line, f/p - gnoll sergeant
Aim: a gnoll sergeant, wielding a +0 spear of venom, wearing a +0 ring mail and wearing a +0 buckler (heavily wounded, 75% to hit)
You shoot a stone. The stone hits the gnoll sergeant.
The gnoll sergeant is severely wounded.
You feel very sick.
The gnoll sergeant hits you but does no damage.
You are lethally poisoned!
* * * LOW HITPOINT WARNING * * *
You feel very sick.
The gnoll sergeant hits you from afar with a +0 spear of venom!
* * * LOW HITPOINT WARNING * * *
You are more poisoned.
You climb upwards.
You die...

####################
...................#
...................#
...................#
...................#
...................#
................@..#
...................#
...................#
..............######
........#######
........# '##.....#
..#.....# ..#.....#


There were no monsters in sight!

Vanquished Creatures
  3 centaur zombies
  Grinder (D:4)
  A water moccasin (D:7)
  2 orc warriors (D:7)
  A black bear (D:7)
  3 ice beasts
  A necrophage (D:4)
  2 ogres
  3 centaurs
  2 phantoms (D:4)
  3 bullfrogs
  A scorpion (D:4)
  3 killer bees (D:7)
  4 wights (D:7)
  A howler monkey (D:7)
  3 hounds
  A centaur skeleton (D:6)
  2 orc priests
  A jelly (D:5)
  An iguana (D:3)
  4 orc wizards
  A hound zombie (D:5)
  A hound skeleton (D:4)
  10 adders
  5 gnolls
  6 river rats (Sewer)
  A white imp (D:7)
  3 worms
  4 dart slugs
  21 orcs
  4 bats
  5 endoplasms
  5 giant cockroaches
  5 hobgoblins
  8 jackals (D:1)
  5 quokkas
  21 ball pythons
  4 frilled lizards
  6 goblins
  7 kobolds
  29 rats
194 creatures vanquished.

Vanquished Creatures (others)
  A plant (D:3)
1 creature vanquished.

Grand Total: 195 creatures vanquished

Notes
Turn   | Place    | Note
-------+----------+-------------------------------------------
     0 | D:5      | Reached skill level 9 in Stealth
     0 | D:5      | flotson the Gnoll Delver began the quest for the Orb.
     0 | D:5      | Reached XP level 1. HP: 23/23 MP: 1/1
    10 | D:5      | Noticed an ice beast
    18 | D:4      | Noticed a scorpion
    32 | D:5      | Noticed an ice beast
    37 | D:5      | Found a glowing drain.
    41 | D:5      | Noticed a centaur warrior zombie
    47 | Sewer    | Entered a sewer
   389 | Sewer    | Reached XP level 2. HP: 10/29 MP: 2/2
  1078 | Sewer    | Reached XP level 3. HP: 21/35 MP: 3/3
  1307 | Sewer    | Reached skill level 1 in Invocations
  1643 | Sewer    | Reached skill level 1 in Short Blades
  1643 | Sewer    | Reached skill level 1 in Long Blades
  1643 | Sewer    | Reached skill level 1 in Axes
  1643 | Sewer    | Reached skill level 1 in Maces & Flails
  1643 | Sewer    | Reached skill level 1 in Staves
  1643 | Sewer    | Reached skill level 1 in Slings
  1643 | Sewer    | Reached skill level 1 in Bows
  1643 | Sewer    | Reached skill level 1 in Crossbows
  1643 | Sewer    | Reached skill level 1 in Throwing
  1643 | Sewer    | Reached skill level 1 in Armour
  1643 | Sewer    | Reached skill level 1 in Shields
  1643 | Sewer    | Reached skill level 1 in Unarmed Combat
  1643 | Sewer    | Reached skill level 1 in Spellcasting
  1643 | Sewer    | Reached skill level 1 in Evocations
  1704 | Sewer    | Reached XP level 4. HP: 38/41 MP: 5/5
  1877 | Sewer    | Reached skill level 1 in Conjurations
  1877 | Sewer    | Reached skill level 1 in Hexes
  1877 | Sewer    | Reached skill level 1 in Summonings
  1877 | Sewer    | Reached skill level 1 in Necromancy
  1877 | Sewer    | Reached skill level 1 in Translocations
  1877 | Sewer    | Reached skill level 1 in Transmutations
  1877 | Sewer    | Reached skill level 1 in Fire Magic
  1877 | Sewer    | Reached skill level 1 in Ice Magic
  1877 | Sewer    | Reached skill level 1 in Air Magic
  1877 | Sewer    | Reached skill level 1 in Earth Magic
  1877 | Sewer    | Reached skill level 1 in Poison Magic
  2065 | Sewer    | Noticed a bullfrog
  2078 | Sewer    | Noticed a bullfrog
  2080 | Sewer    | Reached XP level 5. HP: 44/47 MP: 6/6
  2111 | Sewer    | Reached XP level 6. HP: 36/53 MP: 8/8
  2323 | D:4      | Reached skill level 5 in Polearms
  2323 | D:4      | Reached skill level 5 in Dodging
  2927 | D:2      | Found a faded altar of an unknown god.
  4492 | D:3      | Reached XP level 7. HP: 59/59 MP: 10/10
  5187 | D:4      | Noticed Grinder
  5215 | D:4      | Paralysed by Grinder for 3 turns
  5229 | D:4      | Paralysed by Grinder for 5 turns
  5247 | D:4      | Killed Grinder
  5608 | D:4      | Reached skill level 10 in Stealth
  5608 | D:4      | Reached XP level 8. HP: 67/67 MP: 12/12
  7080 | D:5      | Reached XP level 9. HP: 69/72 MP: 14/14
  7201 | D:5      | Found a staircase to the Ecumenical Temple.
  7213 | Temple   | Entered the Ecumenical Temple
  7279 | Temple   | Became a worshipper of Warmaster Okawaru
  7727 | D:6      | Found a bloodstained altar of Trog.
  7757 | D:6      | Found Jexzusim's Antique Weapon Shoppe.
  7758 | D:6      | Found a radiant altar of Vehumet.
  7772 | D:6      | Bought a pitted morningstar for 198 gold pieces
  7772 | D:6      | Identified the +0 morningstar of the Pillar {pain, rF+
                  | Str+2 Dex-3} (You bought it in a shop on level 6 of the
                  | Dungeon)
  7779 | D:6      | Found a hazy altar of Hepliaklqana.
  7789 | D:6      | Found a broken altar of Ashenzari.
  7832 | D:6      | Found a blossoming altar of Fedhas.
  9393 | D:7      | Found a hide-covered altar of Uskayaw.
  9836 | D:7      | Reached * piety under Okawaru
 10047 | D:7      | Reached skill level 5 in Invocations
 10827 | D:6      | Succumbed to a gnoll sergeant's poison

Illustrated notes

Levels and vault maps discovered:
D:1:      nzn_arrival_water_spiral, layout_basic, minmay_hexomino_p4
D:2:      layout_loops_ring, shapermc_ecumenical_altar_notcrosses
D:3:      layout_rooms, serial_park_tiny_1, serial_bayou_pond_c
D:4:      layout_gridville, hangedman_decor_slide_cut, uniq_grinder
D:5:      layout_rooms, minmay_temple_entry_junction,
          cheibrodos_sewer_entry_drain
D:6:      layout_gridville, fedhas_bush_and_centaur_altar,
          nicolae_overflow_quartered_altars, serial_shops, shop, dk_vineyard_1
D:7:      layout_loops_ring, amcnicky_altar_gilded
Temple:   nicolae_temple_great_sept

Skill      XL: |  1  2  3  4  5  6  7  8  9 |
---------------+----------------------------+-----
Stealth        | 10 | 10.6
Invocations    | 1 2 3 4 5 |  5.2
Short Blades   | 1 2 3 4 |  4.7
Long Blades    | 1 2 3 4 |  4.7
Axes           | 1 2 3 4 |  4.7
Maces & Flails | 1 2 3 4 |  4.7
Staves         | 1 2 3 4 |  4.7
Slings         | 1 2 3 4 |  4.7
Bows           | 1 2 3 4 |  4.7
Crossbows      | 1 2 3 4 |  4.7
Throwing       | 1 2 3 4 |  4.7
Armour         | 1 2 3 4 |  4.7
Shields        | 1 2 3 4 |  4.7
Unarmed Combat | 1 2 3 4 |  4.7
Spellcasting   | 1 2 3 4 |  4.7
Evocations     | 1 2 3 4 |  4.7
Conjurations   | 1 2 3 |  3.9
Hexes          | 1 2 3 |  3.9
Summonings     | 1 2 3 |  3.9
Necromancy     | 1 2 3 |  3.9
Translocations | 1 2 3 |  3.9
Transmutations | 1 2 3 |  3.9
Fire Magic     | 1 2 3 |  3.9
Ice Magic      | 1 2 3 |  3.9
Air Magic      | 1 2 3 |  3.9
Earth Magic    | 1 2 3 |  3.9
Poison Magic   | 1 2 3 |  3.9
Polearms       | 5 6 |  6.6
Dodging        | 5 6 |  6.6
Fighting       | 7 8 |  8.1

Action                   |  1- 3 |  4- 6 |  7- 9 || total
-------------------------+-------+-------+-------++-------
Melee: Spear             |   140 |       |       ||   140
       Bite              |     7 |    20 |    41 ||    68
       Trident           |    16 |   134 |     2 ||   152
       Scimitar          |       |    72 |       ||    72
       Dagger            |       |    39 |   256 ||   295
       Punch             |       |     4 |     4 ||     8
 Fire: Hunting sling     |       |       |   332 ||   332
Throw: Dart              |       |       |    17 ||    17
  Use: Potion            |     1 |     3 |     1 ||     5
       Scroll            |     1 |     1 |       ||     2
 Stab: Fleeing           |     1 |       |       ||     1
       Sleeping          |       |    24 |     3 ||    27
Armor: Leather armour    |    22 |    68 |    68 ||   158
       Ring mail         |       |       |    58 ||    58
Dodge: Dodged            |    76 |   248 |   263 ||   587
Block: Buckler           |       |       |    63 ||    63
       Rpst.: Scimitar   |       |    24 |       ||    24

Table legend: (Time is in decaauts)
 A = Elapsed time spent in this place.
 B = Non-inter-level travel time spent in this place.
 C = Inter-level travel time spent in this place.
 D = Time resting spent in this place.
 E = Time spent auto-exploring this place.
 F = Levels seen in this place.
 G = Mean time per level.
                   A        B        C        D        E       F      G
               +--------+--------+--------+--------+--------+-----+--------+
         Total |  10936 |  10675 |    261 |   1429 |   6960 |   9 | 1215.1 |
       Dungeon |   8488 |   8237 |    251 |    837 |   5717 |   7 | 1212.6 |
        Temple |     76 |     66 |     10 |      0 |     58 |   1 |   76.0 |
         Sewer |   2371 |   2371 |      0 |    592 |   1184 |   1 | 2371.0 |
               +--------+--------+--------+--------+--------+-----+--------+

Top non-repeatable levels by time:
   Sewer: 2371 daAuts
     D:4: 2344 daAuts
     D:7: 1637 daAuts
     D:6: 1516 daAuts
     D:1: 974 daAuts
     D:5: 848 daAuts
     D:2: 603 daAuts
     D:3: 564 daAuts
  Temple: 76 daAuts
